 Dungeon Crawl Stone Soup version bcrawl-1.19.1 (webtiles) character file.

Game seed: 4407184670602959221

477 Freyura the Twirler (level 7, -3/41 HPs)
             Began as a Vine Stalker Gladiator on Dec 15, 2019.
             Slain by Purgy (6 damage)
             ... in a sewer.
             The game lasted 00:09:37 (2426 turns).

Freyura the Twirler (Vine Stalker Gladiator)        Turns: 2426, Time: 00:09:37

Health: -3/41      AC:  9    Str: 18 (20) XL:     7   Next: 11%
Magic:  17/17      EV: 12    Int:  6 (8)  God:
Gold:   205        SH:  0    Dex: 15 (18) Spells: 6/6 levels left

rFire    . . .     SeeInvis .   a - +0 quarterstaff
rCold    . . .     Gourm    .   (shield currently unavailable)
rNeg     . . .     Faith    .   e - +0 scale mail
rPois    .         Spirit   .   p - +0 helmet
rElec    .         Reflect  .   c - +0 cloak
rCorr    .         Harm     .   t - +0 pair of gloves
MR       .....                  (no boots)
Stlth    ..........             (no amulet)
HPRegen  0.53/turn              u - ring of magical power
MPRegen  0.15/turn              o - +4 ring of strength

@: no status effects
A: fangs 3, regeneration 1, no potion heal 3, rot immunity, strong jaws
a: no special abilities


You were in a sewer.
You were not hungry.

You visited 1 branch of the dungeon, and saw 3 of its levels.
You also visited: Sewer.

You collected 205 gold pieces.

Inventory:

Hand Weapons
 a - a +0 quarterstaff (weapon)
Missiles
 d - 3 throwing nets (quivered) {!f}
Armour
 c - a +0 cloak (worn)
 e - a +0 scale mail (worn)
 p - a +0 helmet (worn)
 t - a +0 pair of gloves (worn)
Jewellery
 j - an uncursed ring of resist corrosion
 o - a +4 ring of strength (right hand)
 u - a ring of magical power (left hand)
Wands
 r - a wand of paralysis (8)
Scrolls
 h - 2 scrolls of blinking
 k - 2 scrolls of teleportation
 q - a scroll of identify
Potions
 b - a potion of degeneration
 g - a potion of curing
 i - a potion of invisibility {unknown}
 l - a potion of flight {unknown}
 m - a potion of ambrosia {unknown}
 n - a potion of brilliance {unknown}
 s - 2 potions of heal wounds {unknown}
Comestibles
 f - 5 rations {!d}


   Skills:
 + Level 3.3 Fighting
 * Level 4.9 Staves
 - Level 1.7 Throwing
 + Level 2.4 Armour
 + Level 4.3 Dodging


You had 6 spell levels left.
You didn't know any spells.
Your spell library was empty.

Dungeon Overview and Level Annotations

Branches:
Dungeon (3/12)

Altars:
Wu Jian
Xom

Annotations:
Sewer Purgy


Innate Abilities, Weirdness & Mutations

You have razor-sharp teeth.
Your natural rate of healing is unusually fast.
Potions cannot restore your health.
You are immune to rotting.
Your bites deal extra damage.


Message History

* * * LOW HITPOINT WARNING * * *
Purgy closely misses you. Purgy claws you.
* * * LOW HITPOINT WARNING * * *
You hit Purgy but do no damage.
Purgy is heavily wounded.
The frilled lizard bites you.
* * * LOW HITPOINT WARNING * * *
Purgy bites you but does no damage. Purgy barely misses you. Purgy misses you.
Your scale mail prevents you from hitting Purgy.
Your bite misses Purgy.
Purgy is moderately wounded.
The frilled lizard bites you but does no damage.
Purgy bites you but does no damage. Purgy claws you but does no damage.
Purgy barely misses you.
It was a potion of degeneration.
There was something very wrong with that liquid.
You feel weakened.
You feel dopey.
You feel clumsy.
The frilled lizard bites you but does no damage.
Purgy bites you.
You die...

≈≈≈≈≈≈≈
≈≈≈≈≈≈≈≈≈
≈≈≈≈≈≈≈≈.
≈≈≈≈≈≈≈≈.
≈≈≈≈≈≈≈≈#
≈≈≈≈≈≈≈≈#
≈≈≈≈≈≈≈l#######!
≈≈≈≈≈≈≈≈@T..≈...
##
≈≈≈≈≈≈≈≈#######!
#. ≈≈≈≈≈≈≈.# ##
≈≈≈≈≈≈≈.# #
≈≈≈≈≈≈≈.## #
≈≈≈≈≈≈≈..## ####
≈≈≈≈≈≈≈≈≈.###
#..≈
≈≈≈≈≈≈≈≈≈.#.#
#.#≈
≈≈≈≈≈≈≈≈≈≈≈.##
##..≈


You could see Purgy and a frilled lizard.

Vanquished Creatures
  A water moccasin (D:3)
  A necrophage (D:3)
  An orc priest (D:3)
  Terence (D:3)
  Natasha (thrice) (D:3)
  Robin (D:2)
  4 adders
  2 river rats (D:3)
  4 worms
  2 dart slugs
  3 leopard geckos
  9 orcs
  3 bats (D:2)
  5 giant cockroaches
  12 goblins
  6 hobgoblins
  A quokka (D:3)
  5 ball pythons
  3 frilled lizards
  3 kobolds
  9 rats
79 creatures vanquished.

Notes
Turn   | Place    | Note
-------+----------+-------------------------------------------
     0 | D:1      | Freyura the Vine Stalker Gladiator began the quest for the
                  | Orb.
     0 | D:1      | Reached XP level 1. HP: 12/12 MP: 2/2
   258 | D:1      | Reached XP level 2. HP: 14/17 MP: 3/3
   788 | D:2      | Reached XP level 3. HP: 15/21 MP: 4/4
   908 | D:2      | Found a shimmering altar of Xom.
   974 | D:2      | Reached skill level 1 in Armour
  1024 | D:2      | Found a faded altar of an unknown god.
  1091 | D:2      | Noticed Robin
  1103 | D:2      | Killed Robin
  1103 | D:2      | Reached XP level 4. HP: 19/26 MP: 5/5
  1713 | D:3      | Noticed a water moccasin
  1723 | D:3      | Killed a water moccasin
  1723 | D:3      | Reached XP level 5. HP: 9/31 MP: 6/6
  1821 | D:3      | Noticed Natasha
  1823 | D:3      | Noticed a necrophage
  1828 | D:3      | Killed Natasha
  1828 | D:3      | Gained mutation: You have razor-sharp teeth. [Vine Stalker
                  | growth]
  1828 | D:3      | Reached XP level 6. HP: 32/36 MP: 7/7
  1835 | D:3      | Killed a necrophage
  1846 | D:3      | Noticed Terence
  1864 | D:3      | Killed Terence
  1877 | D:3      | Noticed Natasha
  1886 | D:3      | Killed Natasha
  1978 | D:3      | Found an ornate altar of the Wu Jian Council.
  2196 | D:3      | Noticed Natasha
  2200 | D:3      | Killed Natasha
  2212 | D:3      | Reached XP level 7. HP: 37/41 MP: 8/8
  2329 | D:3      | Found a glowing drain.
  2339 | Sewer    | Entered a sewer
  2411 | Sewer    | Noticed Purgy
  2423 | Sewer    | HP: 2/41 [Purgy (2)]
  2426 | Sewer    | Slain by Purgy

Skill      XL: |  1  2  3  4  5  6 |
---------------+-------------------+-----
Fighting       | 2 3 |  3.3
Staves         | 3 4 |  4.9
Armour         | 1 2 |  2.4
Dodging        | 4 |  4.3
Throwing       | |  1.7

Action                   |  1- 3 |  4- 6 |  7- 9 || total
-------------------------+-------+-------+-------++-------
Melee: Quarterstaff      |    92 |   115 |    39 ||   246
       Bite              |    12 |    12 |     4 ||    28
  Use: Scroll            |     4 |     2 |       ||     6
       Potion            |       |       |     1 ||     1
  Eat: Chunk             |     1 |       |     1 ||     2
       Ration            |       |     1 |       ||     1
Armor: Scale mail        |    25 |    48 |    29 ||   102
Dodge: Dodged            |    43 |    89 |    39 ||   171
